 Dungeon Crawl Stone Soup version 0.31.0-10-gcf4a605ca0 (webtiles) character file.

Game seed: 270353266482099944

5016 Arcadio the Nimble (level 10, -5/85 HPs)
             Began as a Merfolk Shapeshifter on Jan 25, 2024.
             Was a Believer of the Shining One.
             Slain by a wraith (7 damage)
             ... on level 8 of the Dungeon.
             The game lasted 00:19:38 (9380 turns).

Arcadio the Nimble (Merfolk Shapeshifter)           Turns: 9380, Time: 00:19:38

Health: -5/85      AC:  8    Str: 22    XL:     10   Next: 55%
Magic:  10/10      EV: 17    Int: 10    God:    the Shining One [**....]
Gold:   351        SH:  6    Dex: 17    Spells: 9/9 levels left

rFire   + .          .
                       - Unarmed
rCold   . . .        (no shield)
rNeg    + + .        n - +1 ring mail of Summertime {rN+ Str+5}
rPois   .            (helmet currently unavailable)
rElec   .            (cloak currently unavailable)
rCorr   .            (gloves currently unavailable)
SInv    +            (boots currently unavailable)
Will    .....        F - amulet of magic regeneration
Stlth   +            J - ring of protection from fire
HPRegen 0.34/turn    y - ring of see invisible
MPRegen 0.52/turn

%: no passive effects
@: divinely shielded, beast-form, hasted and slowed, glowing
A: beast (slay +2), (nimble swimmer 2), mertail, iridescent scales 1, agile 1
a: Begin Untransformation, Renounce Religion, Divine Shield


You were on level 8 of the Dungeon.
You worshipped the Shining One.
The Shining One was pleased with you.
You were a hulking beast.
You visited 2 branches of the dungeon, and saw 10 of its levels.
You also visited: Sewer and Bailey.

You collected 477 gold pieces.
You spent 126 gold pieces at shops.

Inventory:

Hand Weapons
 D - a +1 dagger of distortion
Armour
 a - a +0 animal skin
 k - a +0 ring mail
 l - a +2 scale mail of cold resistance
 n - the +1 ring mail of Summertime (worn) {rN+ Str+5}
   (You found it on level 2 of the Dungeon)

   Str+5:     It affects your strength (+5).
   rN+:       It protects you from negative energy.
 w - a +1 chain mail of fire resistance
 A - a +0 pair of boots
 B - a +1 chain mail of willpower
 K - a +2 leather armour of cold resistance
 O - a +1 pair of boots
Jewellery
 y - a ring of see invisible (right hand)
 C - a ring of ice
 F - an amulet of magic regeneration (around neck)
 J - a ring of protection from fire (left hand)
Talismans
 c - a beast talisman
 d - a flux talisman
Wands
 j - a wand of charming (16)
 p - a wand of roots (11)
 H - a wand of polymorph (7)
 Q - a wand of flame (15)
Scrolls
 f - 2 scrolls of vulnerability
 g - 2 scrolls of fog
 h - a scroll of blinking
 m - a scroll of silence
 o - 2 scrolls of amnesia
 q - 8 scrolls of teleportation
 r - a scroll of identify
 s - a scroll of summoning
 t - 2 scrolls of enchant weapon
 x - 2 scrolls of enchant armour
 I - a scroll of brand weapon {unknown}
 M - 2 scrolls of poison {unknown}
 N - a scroll of fear {unknown}
Potions
 i - 2 potions of resistance
 u - 2 potions of haste
 v - a potion of enlightenment {unknown}
 z - a potion of mutation
 G - a potion of degeneration {unknown}
 L - a potion of might {unknown}
 P - a potion of attraction {unknown}


   Skills:
 + Level 9.8 Fighting
 + Level 11.7 Dodging
 + Level 10.2 Unarmed Combat
 - Level 4.0 Shapeshifting


You had 9 spell levels left.
You didn't know any spells.
Your spell library contained the following spells:

 Spells                   Type           Power      Damage    Failure   Level
 Summon Small Mammal      Summ           0%         N/A       52%         1
 Blink                    Tloc           0%         N/A       67%         2
 Ensorcelled Hibernation  Hex/Ice        0%         N/A       67%         2
 Lesser Beckoning         Tloc           0%         N/A       67%         2
 Momentum Strike          Conj/Tloc      0%         3d8       67%         2
 Static Discharge         Conj/Air       0%         3-3/arc   67%         2
 Call Canine Familiar     Summ           0%         N/A       88%         3
 Passwall                 Erth           0%         N/A       88%         3
 Swiftness                Air            0%         N/A       88%         3
 Airstrike                Air            0%         2d(0-16)  99%         4
 Summon Blazeheart Golem  Fire/Summ      0%         N/A       99%         4
 Summon Lightning Spire   Summ/Air       0%         N/A       99%         4
 Alistair's Intoxication  Alch           0%         N/A       100%        5
 Borgnjor's Vile Clutch   Necr/Erth      0%         N/A       100%        5
 Eringya's Noxious Bog    Alch           0%         4d6       100%        6


Dungeon Overview and Level Annotations

Branches:
Dungeon (9/15)             Temple (1/1) D:7           Sewer (visited)
 Bailey (visited)
   Lair: D:8-11         Orc: D:9-12

Altars:
Ashenzari
Cheibriados
Dithmenos
Elyvilon
Fedhas
Gozag
Hepliaklqana
Makhleb
Nemelex Xobeh
Okawaru
Trog
Vehumet
Wu Jian
Xom
Yredelemnul
Zin
The Shining One

Shops:
D:4 *

Annotations:
D:5 1 runed translucent door, Aztecrex's ghost, novice TrBe


Innate Abilities, Weirdness & Mutations

You are a hulking beast.
Your limbs bulge with bestial killing power. (Slay +2)
((You are very nimble when in or above water. (Stealth+, EV+, Speed+++)))
Your lower body shifts to a powerful aquatic tail in water.
You are partially covered in iridescent scales. (AC +2)
You are agile. (Dex +4, Str/Int -1)


Message History

There is a stone staircase leading down here.
Okay, then.
A divine shield forms around you! The two-headed ogre misses you.
You block the two-headed ogre's attack.
You barely miss the two-headed ogre.
You feel yourself slow down.
You punch the two-headed ogre!
The two-headed ogre is moderately wounded.
The two-headed ogre completely misses you.
The two-headed ogre hits you with a +0 giant spiked club!!
* * * LOW HITPOINT WARNING * * *
You hit the two-headed ogre.
The two-headed ogre is moderately wounded.
You barely miss the two-headed ogre.
The two-headed ogre is moderately wounded.
The two-headed ogre misses you. You block the two-headed ogre's attack.
You punch the two-headed ogre!
The two-headed ogre is heavily wounded.
You hit the two-headed ogre.
The two-headed ogre is heavily wounded.
You block the two-headed ogre's attack.
The two-headed ogre hits you with a +0 giant spiked club.
* * * LOW HITPOINT WARNING * * *
You punch the two-headed ogre!
The two-headed ogre is severely wounded.
You punch the two-headed ogre!
The two-headed ogre is severely wounded.
You block the two-headed ogre's attack.
The two-headed ogre hits you with a +0 giant spiked club.
* * * LOW HITPOINT WARNING * * *
You punch the two-headed ogre!
The two-headed ogre is almost dead.
You punch the two-headed ogre!
You kill the two-headed ogre!
Your Unarmed Combat skill increases to level 10!
You feel yourself speed up. The wraith hits you.
* * * LOW HITPOINT WARNING * * *
The wraith drains your vigour!
You feel yourself slow down. The wraith attacks as it pursues you!
The wraith hits you!
You die...

########### ..........#
#########.#############
#########.##..........###########
..........##.###.................
.###.####....# #.####.########.)#
.# #.# #..### #h###...##........
.# #.####..#####W##.###.#.#######
.# #...........#)##.# #...# ### #
.# #####..####.#W##.###.#.#######
.# ##..O......###...##...+_+..
.######..............####.###+###
.....W.W.W####.##.....###.# #.# #
.######..## ##.#..........###.###
.# #..# #.........##.........


You could see 2 wraiths.

Vanquished Creatures
  A two-headed ogre (D:8)
  A hornet (D:8)
  2 steam dragons (D:8)
  Duvessa (D:6)
  2 water moccasins
  5 orc warriors
  A sky beast (D:7)
  A black bear (D:5)
  3 ice beasts
  3 ogres
  3 centaurs
  A phantom (D:6)
  4 kobold brigands
  2 brain worms (Sewer)
  A necrophage (D:7)
  3 bullfrogs
  4 scorpions
  5 wights
  4 howler monkeys (D:8)
  A bombardier beetle (D:6)
  6 orc priests
  A hound (D:5)
  3 jellies
  2 sleepcaps
  An iguana (D:4)
  7 orc wizards
  A hound skeleton (D:7)
  Robin (D:2)
  7 adders
  4 river rats (Sewer)
  2 white imps
  A dart slug (D:2)
  A ribbon worm (D:4)
  23 orcs
  6 bats
  8 endoplasms
  3 giant cockroaches
  18 goblins
  14 hobgoblins
  A jackal (Sewer)
  28 kobolds
  9 quokkas
  13 ball pythons
  2 frilled lizards
  5 rats
215 creatures vanquished.

Vanquished Creatures (others)
  Dowan (D:6)
1 creature vanquished.

Grand Total: 216 creatures vanquished

Notes
Turn   | Place    | Note
-------+----------+-------------------------------------------
     0 | D:1      | Arcadio the Merfolk Shapeshifter began the quest for the
                  | Orb.
     0 | D:1      | Reached XP level 1. HP: 15/15 MP: 1/1
   136 | D:1      | Reached skill level 3 in Dodging
   193 | D:1      | Reached XP level 2. HP: 21/21 MP: 2/2
   584 | D:1      | Reached XP level 3. HP: 25/27 MP: 3/3
  1081 | D:2      | Identified the +1 ring mail of Summertime {rN+ Str+5}
  1295 | D:2      | Noticed Robin
  1317 | D:2      | Killed Robin
  1318 | D:2      | Reached XP level 4. HP: 19/34 MP: 4/4
  1643 | D:2      | Reached skill level 4 in Dodging
  2208 | D:3      | Reached XP level 5. HP: 40/41 MP: 5/5
  2383 | D:3      | Found a glowing drain.
  2390 | Sewer    | Entered a sewer
  2555 | Sewer    | Noticed a kobold brigand
  2597 | Sewer    | Reached skill level 5 in Dodging
  2597 | Sewer    | Reached XP level 6. HP: 17/48 MP: 3/6
  2719 | Sewer    | Reached skill level 5 in Unarmed Combat
  2918 | Sewer    | Reached XP level 7. HP: 33/55 MP: 3/7
  3045 | Sewer    | Reached skill level 6 in Dodging
  4021 | D:4      | Reached skill level 5 in Fighting
  4507 | D:4      | Found Wiuroyxt's General Store.
  4512 | D:4      | Bought a scroll of identify for 22 gold pieces
  4512 | D:4      | Bought a scroll of identify for 22 gold pieces
  4512 | D:4      | Bought a scroll of blinking for 82 gold pieces
  4583 | D:5      | Entered Level 5 of the Dungeon
  4609 | D:5      | Reached skill level 7 in Dodging
  4618 | D:5      | Reached XP level 8. HP: 25/63 MP: 8/8
  4829 | D:5      | Found a white marble altar of Elyvilon.
  4837 | D:5      | Became a worshipper of Elyvilon the Healer
  5219 | D:5      | Identified the +1 war axe of Wicalic {heavy, +Blink Int+2
                  | SInv}
  5230 | D:5      | Found a glowing golden altar of the Shining One.
  5318 | D:5      | Fell from the grace of Elyvilon
  5318 | D:5      | Became a worshipper of the Shining One
  5478 | D:5      | Found a runed translucent door.
  5480 | D:5      | Noticed Aztecrex's ghost (novice TrBe)
  5815 | D:5      | Reached skill level 8 in Dodging
  6279 | D:6      | Reached XP level 9. HP: 45/72 MP: 9/9
  6562 | D:6      | Found an opulent altar of Gozag.
  6569 | D:6      | Noticed Duvessa
  6569 | D:6      | Noticed Dowan
  6579 | D:6      | Killed Duvessa
  6580 | D:6      | Reached skill level 9 in Dodging
  6595 | D:6      | Your ally Dowan died
  6823 | D:6      | Found a sparkling altar of Nemelex Xobeh.
  7098 | D:7      | Found a staircase to the Ecumenical Temple.
  7106 | Temple   | Entered the Ecumenical Temple
  7227 | D:7      | Found a blossoming altar of Fedhas.
  7283 | D:7      | Found a burning altar of Makhleb.
  7319 | D:7      | Reached * piety under the Shining One
  7474 | D:7      | Reached skill level 10 in Dodging
  7893 | D:7      | Found a hazy altar of Hepliaklqana.
  8041 | D:8      | Found a flagged portal.
  8052 | Bailey   | Entered a bailey
  8368 | D:8      | Found a broken altar of Ashenzari.
  8625 | D:8      | Noticed a hornet
  8638 | D:8      | Reached XP level 10. HP: 75/82 MP: 10/10
  8683 | D:8      | Reached skill level 11 in Dodging
  8850 | D:8      | Reached ** piety under the Shining One
  8867 | D:8      | Noticed a two-headed ogre
  9165 | D:9      | Found a shadowy altar of Dithmenos.
  9313 | D:9      | Gained mutation: You are partially covered in iridescent
                  | scales. (AC +2) [potion of mutation]
  9313 | D:9      | Gained mutation: You are agile. (Dex +4, Str/Int -1)
                  | [potion of mutation]
  9315 | D:9      | HP: 4/124 [orc warrior/+0 halberd (8)]
  9374 | D:8      | HP: 3/83 [two-headed ogre/+0 giant club (4)]
  9378 | D:8      | Killed a two-headed ogre
  9379 | D:8      | Reached skill level 10 in Unarmed Combat
  9379 | D:8      | HP: 1/85 [wraith (2)]
  9380 | D:8      | Slain by a wraith

Illustrated notes

Levels and vault maps discovered:
D:1:      dpeg_arrival_chambers_temple_mockup, layout_basic
D:2:      layout_loops_corners, minmay_box_of_dots, uniq_robin
D:3:      layout_basic, gup_sewer_entry_bubbles
D:4:      layout_loops_ring, serial_shops, kennysheep_little_box, minmay_vboxes
D:5:      kennysheep_big_flooded_room, layout_loops_corners,
          mainiacjoe_overflow_boulevard, mainiacjoe_overflow_small_starburst,
          ebering_ghost_reflecting_pool, st_stairs_9
D:6:      layout_basic, nemelex_spade_bored_becter,
          mainiacjoe_overflow_chevrons, uniq_duvessa
D:7:      layout_loops_ring, makhleb_blood_cavern_becter, kennysheep_mini_moat,
          kennysheep_mini, temple_statues
D:8:      minmay_polygon_palace, layout_loops_ring, lemuel_doored_altar,
          lemuel_zombie_altar_kikubaaqudgha, mainiacjoe_overflow_divided_tiny,
          enter_bailey_4
D:9:      layout_roguey [special_room_orc], grunt_dithmenos_smoke_and_mirrors
Temple:   hellmonk_temple_forest_ring

Skill      XL: |  1  2  3  4  5  6  7  8  9 10 |
---------------+-------------------------------+-----
Dodging        | 3 4 5 7 8 10 11 | 11.7
Fighting       | 2 3 4 5 7 8 9 |  9.8
Unarmed Combat | 4 5 6 7 9 10 | 10.2
Shapeshifting  | |  4.0

Action                     |  1- 3 |  4- 6 |  7- 9 | 10-12 || total
---------------------------+-------+-------+-------+-------++-------
  Melee: Unarmed           |    90 |   166 |   350 |    94 ||   700
         Punch             |     2 |     2 |    16 |     6 ||    26
         Tailslap          |       |     2 |     3 |       ||     5
 Invoke: Divine Shield     |       |       |       |     1 ||     1
  Evoke: Wand              |       |       |     2 |       ||     2
    Use: Scroll            |       |       |    13 |     1 ||    14
         Potion            |       |       |     2 |    10 ||    12
   Stab: Sleeping          |     1 |       |     1 |       ||     2
 Armour: Animal skin       |    20 |       |       |       ||    20
         Ring mail         |    25 |    74 |   149 |    56 ||   304
         Scale mail        |     5 |       |       |       ||     5
         Skin              |       |       |       |    49 ||    49
  Dodge: Dodged            |    49 |    69 |   227 |    90 ||   435
  Block: Other             |       |       |       |     4 ||     4
